 Dungeon Crawl Stone Soup version 0.21-a0-513-gdcb3f5e (webtiles) character file.

413 slep the Chopper (level 6, -10/52 HPs)
             Began as a Minotaur Gladiator on Dec 3, 2017.
             Killed by divine providence
             ... invoked by an orc priest
              (15 damage)
             ... on level 3 of the Dungeon.
             The game lasted 00:05:23 (1303 turns).

slep the Chopper (Minotaur Gladiator)               Turns: 1303, Time: 00:05:24

Health: -10/52     AC:  6    Str: 18    XL:     6   Next: 59%
Magic:  5/5        EV: 13    Int:  5    God:
Gold:   45         SH:  0    Dex: 14    Spells: 5/5 levels left

rFire    + . .     SeeInvis .   a - +0 war axe
rCold    . . .     Gourm    .   (no shield)
rNeg     . . .     Faith    .   g - +0 ring mail
rPois    .         Spirit   .   c - +0 hat
rElec    .         Reflect  .   s - +0 cloak
rCorr    .         Harm     .   (no gloves)
MR       .....                  (no boots)
Stlth    +.........             (no amulet)
HPRegen  0.17/turn              o - ring of protection from fire
MPRegen  0.09/turn              (no ring)

@: no status effects
A: retaliatory headbutt, horns 2
a: no special abilities


You were on level 3 of the Dungeon.
You were hungry.

You visited 1 branch of the dungeon, and saw 3 of its levels.

You collected 45 gold pieces.

Inventory:

Hand Weapons
 a - a +0 war axe (weapon)
Missiles
 d - 3 throwing nets (quivered)
Armour
 b - a +0 leather armour
 c - a +0 hat (worn)
 g - a +0 ring mail (worn)
 s - a +0 cloak (worn)
Jewellery
 o - a ring of protection from fire (left hand)
Scrolls
 e - a scroll of remove curse {unknown}
 h - a scroll of fear {unknown}
 j - 2 scrolls of teleportation {unknown}
 l - 4 scrolls of identify {unknown}
Potions
 i - 2 potions of curing {unknown}
 k - a potion of ambrosia {unknown}
 n - a potion of invisibility {unknown}
 r - a potion of flight {unknown}
Comestibles
 f - 2 bread rations
 m - 4 meat rations
 p - 3 fruits
 q - a royal jelly


   Skills:
 + Level 4.1 Fighting
 + Level 6.9 Axes
 + Level 2.2 Throwing
 + Level 3.2 Armour
 + Level 4.1 Dodging


You had 5 spell levels left.
You didn't know any spells.

Dungeon Overview and Level Annotations

Branches:
Dungeon (3/15)

Altars:
Elyvilon
Hepliaklqana
Kikubaaqudgha


Innate Abilities, Weirdness & Mutations

You reflexively headbutt those who attack you in melee.
You have a pair of horns on your head.


Message History

You closely miss the hobgoblin.
The hobgoblin is heavily wounded.
The hobgoblin hits you but does no damage.
You hit the hobgoblin but do no damage.
The hobgoblin is heavily wounded.
The hobgoblin hits you but does no damage.
Unknown command.
You closely miss the hobgoblin. You headbutt the hobgoblin.
You kill the hobgoblin!
You hit the rat. You headbutt the rat.
You kill the rat!
A giant cockroach comes into view.
You are feeling hungry.
The orc priest calls down the wrath of Beogh upon you.
Beogh smites you!
* * * LOW HITPOINT WARNING * * *
Items here: )) [ ††† The orc priest invokes the aid of Beogh against you.
Beogh smites you!
You die...

... .... .... .....
..$.######### ###(.....
............###<.......
.............(..#...>..
...#....###).#### .....
##.....).)?)....# #...
......#)######..... ..
#.....@.# ###.. <
.......o..# #
.............
#..........##..
#.....s......
#.............
...............
...........##._


You could see an orc priest and a giant cockroach.

Vanquished Creatures
  Sigmund (D:2)
  Crazy Yiuf (D:2)
  2 orc wizards (D:3)
  Natasha (thrice) (D:2)
  3 adders (D:2)
  A leopard gecko (D:2)
  6 orcs (D:3)
  A ball python (D:1)
  4 giant cockroaches
  4 goblins
  6 hobgoblins
  10 jackals
  A quokka (D:3)
  7 bats
  4 frilled lizards
  2 kobolds
  8 rats
64 creatures vanquished.

Notes
Turn   | Place    | Note
-------+----------+-------------------------------------------
     0 | D:1      | slep the Minotaur Gladiator began the quest for the Orb.
     0 | D:1      | Reached XP level 1. HP: 18/18 MP: 0/0
   183 | D:1      | Reached XP level 2. HP: 19/25 MP: 1/1
   360 | D:2      | Reached skill level 4 in Axes
   366 | D:2      | Reached XP level 3. HP: 28/30 MP: 2/2
   435 | D:2      | Found a faded altar of an unknown god.
   470 | D:2      | Found a hazy altar of Hepliaklqana.
   621 | D:2      | Reached skill level 1 in Armour
   680 | D:2      | Noticed Natasha
   684 | D:2      | Killed Natasha
   684 | D:2      | Reached XP level 4. HP: 30/38 MP: 3/3
   717 | D:2      | Found a runed door.
   760 | D:2      | Found an ancient bone altar of Kikubaaqudgha.
   779 | D:2      | Noticed Sigmund
   797 | D:2      | Killed Sigmund
   797 | D:2      | Reached skill level 5 in Axes
   797 | D:2      | Reached XP level 5. HP: 15/46 MP: 4/4
   854 | D:2      | Noticed Natasha
   860 | D:2      | Killed Natasha
   860 | D:2      | Reached skill level 6 in Axes
   860 | D:2      | Reached XP level 6. HP: 11/52 MP: 5/5
   927 | D:2      | Noticed Natasha
   939 | D:2      | Killed Natasha
  1215 | D:2      | Noticed Crazy Yiuf
  1218 | D:2      | Killed Crazy Yiuf
  1303 | D:3      | Found a white marble altar of Elyvilon.
  1303 | D:3      | Killed from afar by an orc priest

Vault maps used:
D:1:      lemuel_arrival_room, st_stairs_4, serial_bayou_pond_e
D:2:      lemuel_coloured_pillars_altar, kiku_gazebo_garden_becter,
          chequers_ecumenical_altar_island, first_bread,
          uniq_crazy_yiuf_cottage, uniq_natasha, uniq_sigmund
D:3:      overflow_temple_1_default

Skill      XL: |  1  2  3  4  5  6 |
---------------+-------------------+-----
Axes           | 4 5 6 |  6.9
Fighting       | 3 4 |  4.1
Armour         | 1 2 3 |  3.2
Dodging        | 4 |  4.1
Throwing       | |  2.2

Action                   |  1- 3 |  4- 6 || total
-------------------------+-------+-------++-------
Melee: War axe           |    53 |    77 ||   130
       Headbutt          |     8 |    14 ||    22
  Eat: Chunk             |       |     1 ||     1
Armor: Ring mail         |    23 |    24 ||    47
Dodge: Dodged            |    43 |    46 ||    89

Table legend:
 A = Spawn XP
 B = Non-spawn XP
 C = Spawn XP percentage of total XP
 D = Spawn monster count
 E = Non-spawn monster count
 F = Spawn count percentage of total count
 G = Total turns spent on level
                    A         B        C        D         E        F      G
               +---------+---------+-------+---------+---------+-------+---------
         Total |       0 |     590 |   0.0 |       0 |      64 |   0.0 |  1303
               +---------+---------+-------+---------+---------+-------+---------
           D:1 |       0 |      23 |   0.0 |       0 |      13 |   0.0 |   356
           D:2 |       0 |     451 |   0.0 |       0 |      30 |   0.0 |   894
           D:3 |       0 |     116 |   0.0 |       0 |      21 |   0.0 |    53
               +---------+---------+-------+---------+---------+-------+---------
